 Dungeon Crawl Stone Soup version 0.31-a0-354-g827e095 (webtiles) character file.

Game seed: 15688917803891802667

179 Dawnplanks the Chopper (level 5, -2/47 HPs)
             Began as a Hill Orc Fighter on July 23, 2023.
             Slain by an iron imp (9 damage)
             ... summoned by Eustachio
             ... on level 3 of the Dungeon.
             The game lasted 00:05:31 (2445 turns).

Dawnplanks the Chopper (Hill Orc Fighter)           Turns: 2445, Time: 00:05:31

Health: -2/47      AC:  9    Str: 19 (21) XL:     5   Next: 59%
Magic:  5/5        EV:  7    Int:  7 (8)  God:
Gold:   117        SH:  5    Dex: 15 (16) Spells: 4/4 levels left

rFire   . . .        a - +0 war axe
rCold   . . .        c - +0 buckler
rNeg    + . .        g - +0 chain mail
rPois   .            (no helmet)
rElec   .            (no cloak)
rCorr   .            (no gloves)
SInv    .            (no boots)
Will    .....        (no amulet) Stlth
                     s - ring of positive energy
HPRegen 0.27/turn    b - +6 ring of dexterity
MPRegen 0.09/turn

%: no passive effects
@: mighty
A: no striking features
a: no special abilities


You were on level 3 of the Dungeon.
You visited 1 branch of the dungeon, and saw 4 of its levels.

You collected 117 gold pieces.

Inventory:

Hand Weapons
 a - a +0 war axe (weapon)
Missiles
 j - 6 boomerangs (quivered)
 n - 4 silver boomerangs
Armour
 c - a +0 buckler (worn)
 g - a +0 chain mail (worn)
Jewellery
 b - a +6 ring of dexterity (right hand)
 s - a ring of positive energy (left hand)
Scrolls
 e - a scroll of teleportation {unknown}
 h - a scroll of torment {unknown}
 k - 4 scrolls of identify {unknown}
 m - 3 scrolls of noise {unknown}
 o - 2 scrolls of enchant weapon {unknown}
 t - a scroll of fear {unknown}
Potions
 f - a potion of enlightenment {unknown}
 i - a potion of degeneration
 l - 2 potions of mutation {unknown}
 p - a potion of magic {unknown}
 q - 3 potions of attraction {unknown}
 r - a potion of ambrosia {unknown}


   Skills:
 + Level 4.3 Fighting
 + Level 5.1 Axes
 + Level 0.1 Throwing
 + Level 4.5 Armour
 + Level 0.2 Dodging
 + Level 4.0 Shields


You had 4 spell levels left.
You didn't know any spells.
Your spell library contained the following spells:

 Spells                   Type           Power      Damage    Failure   Level
 Magic Dart               Conj           0%         1d3       99%         1
 Searing Ray              Conj           0%         2d4       100%        2
 Fulminant Prism          Conj/Hex       0%         3d5       100%        4


Dungeon Overview and Level Annotations

Branches:
Dungeon (4/15)
 Temple: D:4-7

Altars:
Ashenzari
Ru
Zin

Annotations:
D:3 3 runed translucent doors, Eustachio; PiratePeteNZ's ghost, amateur DjCj
D:4 Robin


Message History

You barely miss the quokka.
The quokka bites you but does no damage.
The crimson imp hits you but does no damage.
You hit the crimson imp.
The crimson imp is heavily wounded.
You slash the quokka!
You kill the quokka!
The quokka's corpse disappears in a puff of smoke!
Eustachio casts a spell.
The crimson imp blinks!
Eustachio gestures wildly while chanting.
Eustachio blinks!
You hit the iron imp.
The iron imp is moderately wounded.
The iron imp hits you.
You barely miss the iron imp.
The iron imp is moderately wounded.
The iron imp hits you.
You slash the iron imp!
The iron imp is almost dead.
You hit the crimson imp. The crimson imp hits you.
* * * LOW HITPOINT WARNING * * *
The iron imp hits you.
* * * LOW HITPOINT WARNING * * *
Eustachio gestures wildly while chanting.
The crimson imp hits you but does no damage.
You closely miss the iron imp.
The iron imp is almost dead.
You hit the crimson imp but do no damage.
The shadow imp disappears in a puff of smoke!
The iron imp hits you.
* * * LOW HITPOINT WARNING * * *
The crimson imp completely misses you.
You feel very mighty all of a sudden. The iron imp misses you.
The crimson imp barely misses you.
It was a potion of degeneration.
There was something very wrong with that liquid.
You feel weakened.
You feel dopey.
You feel clumsy. The iron imp hits you!
You die...

### ### #.#
..#################b#
..............>5@5b@#
..############)####.#
..# #.# #.# ..# #.#
#.# ..# #.# #.# ###
#.# #.# #.# #.# #####
#.# #.# ########...#
#.# #.#


You could see Eustachio, an iron imp (summoned), a crimson imp (summoned) and 2
bats.

Vanquished Creatures
  A scorpion (D:4)
  3 gnolls (D:4)
  3 adders
  2 dart slugs
  6 bats
  8 endoplasms
  3 goblins
  9 hobgoblins
  2 quokkas (D:1)
  4 ball pythons
  A frilled lizard (D:1)
  6 kobolds
  A rat (D:3)
49 creatures vanquished.

Vanquished Creatures (others)
  An adder (D:3)
1 creature vanquished.

Grand Total: 50 creatures vanquished

Notes
Turn   | Place    | Note
-------+----------+-------------------------------------------
     0 | D:1      | Dawnplanks the Hill Orc Fighter began the quest for the
                  | Orb.
     0 | D:1      | Reached XP level 1. HP: 19/19 MP: 1/1
   234 | D:1      | Reached skill level 3 in Axes
   258 | D:1      | Reached XP level 2. HP: 24/27 MP: 2/2
   532 | D:1      | Reached XP level 3. HP: 33/33 MP: 3/3
   604 | D:1      | You fall into a shaft and drop 1 floor!
  1079 | D:2      | Reached skill level 4 in Axes
  1303 | D:3      | Found a glowing silver altar of Zin.
  1303 | D:3      | Found a broken altar of Ashenzari.
  1430 | D:3      | Found a runed translucent gate.
  1430 | D:3      | Found a runed translucent gate.
  1431 | D:3      | Found a runed translucent gate.
  1434 | D:3      | Noticed PiratePeteNZ's ghost (amateur DjCj)
  1456 | D:3      | Reached XP level 4. HP: 34/40 MP: 4/4
  1864 | D:3      | Found a sacrificial altar of Ru.
  2100 | D:4      | Noticed a scorpion
  2111 | D:4      | Killed a scorpion
  2112 | D:4      | Reached XP level 5. HP: 39/46 MP: 5/5
  2142 | D:4      | Noticed Eustachio
  2162 | D:4      | Reached skill level 5 in Axes
  2404 | D:4      | Noticed Robin
  2445 | D:3      | Slain by an iron imp

Illustrated notes

Levels and vault maps discovered:
D:1:      scummos_arrival_star, layout_basic
D:2:      layout_loops_ring
D:3:      layout_basic, gammafunk_temple_overflow_wave,
          nicolae_ru_path_of_blood, gammafunk_ghost_split
D:4:      wander_river, layout_cave_pools, uniq_robin, uniq_eustachio

Skill      XL: |  1  2  3  4  5 |
---------------+----------------+-----
Axes           | 3 4 5 |  5.1
Fighting       | 4 |  4.3
Armour         | 4 |  4.5
Shields        | 4 |  4.0
Throwing       | |  0.1
Dodging        | |  0.2

Action                     |  1- 3 |  4- 6 || total
---------------------------+-------+-------++-------
  Melee: War axe           |   115 |    78 ||   193
  Throw: Boomerang         |       |     5 ||     5
    Use: Potion            |       |     2 ||     2
 Armour: Scale mail        |     9 |       ||     9
         Chain mail        |    56 |   115 ||   171
  Dodge: Dodged            |    45 |    59 ||   104
  Block: Buckler           |    23 |    39 ||    62

Table legend: (Time is in decaauts)
 A = Elapsed time spent in this place.
 B = Non-inter-level travel time spent in this place.
 C = Inter-level travel time spent in this place.
 D = Time resting spent in this place.
 E = Time spent auto-exploring this place.
 F = Levels seen in this place.
 G = Mean time per level.
                   A        B        C        D        E       F      G
               +--------+--------+--------+--------+--------+-----+--------+
         Total |   2511 |   2456 |     55 |    214 |   1774 |   4 |  627.8 |
       Dungeon |   2511 |   2456 |     55 |    214 |   1774 |   4 |  627.8 |
               +--------+--------+--------+--------+--------+-----+--------+

Top non-repeatable levels by time:
     D:3: 1129 daAuts
     D:2: 648 daAuts
     D:1: 626 daAuts
     D:4: 107 daAuts
